Map: [ESL] Glittering Ashes

Players

Trap

  • Race: Protoss Protoss

Dark - Winner!

  • Race: Zerg Zerg

Event: IEM Katowice 2022

VOD

Have the link to the VOD?

Description

Time

  • Played on: Feb. 26, 2022, 5:45 a.m.
  • Length: 16:22

All games in this series

Show
View Real Time Build Order
Export as new Build Order

Trap Protoss 

Build Orders:  

Get SALT Encoding   

  12  0:00  Probe  
  13  0:13  Pylon  
  13  0:17  Probe (Chrono Boost)  
  14  0:27  Probe (Chrono Boost)  
  15  0:32  Probe (Chrono Boost)  
  16  0:42  Gateway  
  16  0:44  Probe  
  16  0:47  Assimilator  
  17  0:56  Probe  
  18  1:08  Probe  
  19  1:16  Forge  
  19  1:20  Probe  
  20  1:29  Cybernetics Core  
  20  1:39  Probe  
  21  1:40  Pylon  
  21  1:42  Pylon  
  21  1:44  Pylon  
  21  1:58  Photon Cannon  
  21  2:03  Photon Cannon, Assimilator, Probe  
  22  2:18  Shield Battery  
  23  2:22  Probe  
  23  2:27  Stargate  
  23  2:36  Photon Cannon  
  23  2:41  Shield Battery  
  23  2:49  Pylon  
  23  2:57  Photon Cannon  
  23  3:05  Shield Battery  
  23  3:07  Void Ray (Chrono Boost)  
  27  3:22  Shield Battery  
  26  3:30  Shield Battery  
  26  3:35  Shield Battery  
  26  3:44  Pylon  
  30  4:02  Shield Battery  
  30  4:09  Shield Battery  
  26  4:23  Nexus  
  26  4:25  Stargate, Probe  
  27  4:32  Warp Gate  
  27  4:37  Probe  
  28  4:49  Probe  
  29  5:01  Probe  
  29  5:06  Oracle (Chrono Boost)  
  30  5:11  Pylon  
  33  5:21  Pylon  
  33  5:27  Pylon  
  32  5:31  Twilight Council  
  32  5:33  Protoss Ground Weapons Level 1  
  32  5:35  Probe (Chrono Boost)  
  33  5:36  Probe (Chrono Boost)  
  34  5:44  Robotics Facility  
  34  5:47  Probe x2 (Chrono Boost)  
  36  5:52  Probe (Chrono Boost)  
  36  5:53  Oracle  
  36  5:54  Probe  
  41  6:07  Probe x2  
  41  6:08  Charge (Chrono Boost)  
  43  6:16  Gateway  
  43  6:18  Gateway  
  43  6:24  Gateway  
  43  6:31  Warp Prism (Chrono Boost)  
  43  6:36  Probe  
  43  6:38  Probe  
  47  6:42  Pylon  
  47  6:47  Zealot  
  47  6:49  Probe  
  47  6:50  Probe  
  51  7:00  Pylon  
  51  7:18  Zealot x4  
  59  7:23  Nexus  
  59  7:29  Gateway  
  59  7:36  Gateway  
  59  7:38  Dark Shrine  
  59  7:50  Zealot x3  
  65  7:52  Zealot  
  65  7:57  Pylon  
  65  8:16  Immortal (Chrono Boost)  
  69  8:20  Probe x2  
  69  8:22  Shield Battery  
  71  8:29  Zealot, Shield Battery  
  71  8:32  Probe x2, Assimilator  
  71  8:33  Assimilator  
  75  8:39  Zealot x3  
  81  8:44  Probe x3 (Chrono Boost)  
  84  8:53  Probe x3 (Chrono Boost)  
  87  8:58  Probe x3 (Chrono Boost)  
  87  9:02  Observer  
  91  9:09  Sentry x3  
  97  9:10  Probe  
  97  9:11  Probe x2  
  97  9:12  Pylon  
  96  9:23  Immortal  
  100  9:25  Photon Cannon  
  100  9:30  Protoss Ground Weapons Level 2 (Chrono Boost)  
  100  9:31  Photon Cannon  
  100  9:41  Pylon  
  100  9:42  Pylon  
  100  9:52  Probe x3  
  103  9:55  Assimilator x2  
  103  9:57  Pylon  
  103  10:00  Immortal (Chrono Boost)  
  103  10:06  Photon Cannon  
  107  10:10  Photon Cannon  
  101  10:29  Dark Templar x4  
  108  10:38  Archon x2  
  108  10:39  Gateway  
  108  10:40  Gateway, Assimilator  
  108  10:41  Gateway  
  108  10:43  Photon Cannon  
  108  10:46  Pylon  
  108  10:47  Pylon  
  108  10:49  Immortal (Chrono Boost)  
  108  10:54  Dark Templar  
  114  11:02  Probe x3  
  110  11:12  Photon Cannon  
  110  11:14  Shield Battery  
  110  11:16  Pylon  
  110  11:18  Immortal (Chrono Boost)  
  110  11:21  Zealot x2  
  118  11:26  Zealot  
  118  11:31  Dark Templar  
  118  11:32  Dark Templar  
  116  11:50  Robotics Facility  
  116  11:51  Fleet Beacon  
  116  11:58  Immortal (Chrono Boost)  
  116  12:01  Templar Archives, Archon  
  120  12:15  Dark Templar x3  
  126  12:16  Dark Templar  
  126  12:21  Protoss Ground Weapons Level 3 (Chrono Boost)  
  128  12:23  Observer  
  129  12:47  Zealot x4  
  129  12:48  Zealot  
  129  12:49  Probe (Chrono Boost)  
  138  12:53  Archon x2, Probe x2 (Chrono Boost)  
  138  12:58  Psionic Storm  
  138  13:10  Pylon  
  138  13:11  Pylon  
  138  13:17  Pylon  
  138  13:18  Mothership (Chrono Boost)  
  144  13:39  High Templar x4  
  142  13:42  Probe x2  
  142  13:47  Assimilator  
  144  13:52  Photon Cannon  
  144  13:54  Probe  
  144  13:55  Nexus  
  143  13:58  Photon Cannon, Dark Templar  
  143  13:59  Shield Battery  
  145  14:03  Immortal  
  145  14:08  Blink  
  149  14:10  Probe  
  149  14:11  Probe  
  151  14:23  Probe x2  
  153  14:24  Stalker  
  155  14:35  Probe x2  
  154  14:38  Robotics Facility  
  154  14:41  Robotics Bay  
  154  14:47  Probe  
  155  14:56  Stargate  
  155  14:58  Stargate  
  155  15:01  Nexus  
  155  15:12  Zealot  
  157  15:17  Pylon  
  157  15:19  Pylon  
  157  15:20  Pylon  
  157  15:31  Pylon, Disruptor (Chrono Boost)  
  157  15:34  Pylon  
  159  15:39  Tempest (Chrono Boost)  
  156  15:47  Nexus  
  143  15:59  Zealot x4  
Show
View Real Time Build Order
Export as new Build Order

Dark Zerg - Winner!

Build Orders: Hatch First, Lurkers, Swarm Host 

Get SALT Encoding   

  12  0:00  Drone  
  13  0:12  Overlord  
  13  0:17  Drone  
  14  0:30  Drone x2  
  14  0:34  Drone  
  17  0:51  Hatchery  
  17  0:55  Drone  
  17  0:57  Drone  
  18  1:09  Extractor  
  17  1:12  Spawning Pool  
  17  1:14  Drone  
  17  1:18  Drone  
  18  1:28  Drone  
  19  1:41  Drone  
  20  1:59  Queen  
  22  2:03  Queen  
  22  2:04  Zergling x4  
  22  2:05  Overlord  
  26  2:08  Metabolic Boost  
  26  2:21  Spine Crawler  
  25  2:23  Spine Crawler  
  25  2:27  Spine Crawler  
  23  2:33  Spine Crawler  
  22  2:40  Zergling x4  
  22  2:43  Zergling x2  
  25  2:45  Zergling x2  
  25  2:48  Zergling x2  
  27  2:54  Zergling x2  
  27  2:55  Zergling x2  
  29  2:58  Zergling x2  
  30  3:08  Queen  
  30  3:12  Zergling x2  
  29  3:28  Zergling x8  
  29  3:29  Zergling x2  
  28  3:35  Zergling x2  
  29  3:43  Queen  
  31  3:53  Queen  
  33  4:02  Drone x3  
  36  4:09  Overlord  
  35  4:14  Overlord  
  33  4:21  Spore Crawler  
  33  4:24  Spore Crawler  
  31  4:28  Drone  
  31  4:29  Drone  
  33  4:33  Drone  
  33  4:35  Drone  
  35  4:39  Drone  
  35  4:43  Drone  
  37  4:46  Drone  
  38  4:59  Drone x5  
  40  5:08  Queen  
  40  5:12  Drone  
  40  5:13  Overlord  
  43  5:21  Overlord  
  43  5:25  Overlord  
  43  5:33  Drone x5  
  48  5:40  Drone  
  49  5:44  Drone x2  
  51  5:50  Hatchery  
  51  5:52  Drone  
  51  5:55  Drone x2  
  53  5:59  Drone  
  53  6:01  Drone  
  53  6:02  Drone  
  55  6:10  Extractor  
  54  6:12  Drone, Extractor  
  54  6:13  Extractor  
  54  6:14  Drone  
  54  6:17  Overlord  
  54  6:18  Drone x2  
  56  6:20  Lair  
  56  6:23  Drone  
  57  6:26  Drone x2  
  57  6:28  Overlord  
  59  6:37  Drone x2  
  59  6:38  Roach Warren  
  60  6:40  Drone  
  60  6:42  Evolution Chamber  
  60  6:44  Drone x3  
  63  6:47  Pneumatized Carapace  
  63  6:50  Drone  
  63  6:52  Drone  
  65  7:00  Drone x2  
  67  7:08  Drone  
  62  7:13  Drone, Zerg Missile Weapons Level 1  
  62  7:16  Drone x2  
  62  7:18  Overseer, Drone x2  
  62  7:22  Drone x2  
  68  7:23  Drone x3  
  68  7:27  Glial Reconstitution  
  71  7:32  Drone x2  
  71  7:35  Spore Crawler  
  72  7:39  Roach x3  
  75  7:44  Drone x2  
  75  7:45  Drone  
  75  7:48  Extractor  
  75  7:50  Extractor  
  76  7:52  Roach x2  
  76  7:53  Overlord  
  76  7:54  Overlord  
  76  7:58  Hatchery  
  79  8:01  Roach  
  81  8:10  Roach  
  81  8:11  Overlord  
  79  8:13  Roach x5  
  79  8:14  Roach  
  88  8:20  Drone x4  
  88  8:22  Roach  
  88  8:26  Drone x2  
  97  8:29  Overlord  
  97  8:31  Roach x3  
  97  8:33  Roach  
  105  8:41  Overlord x2  
  105  8:45  Overlord  
  105  8:47  Overlord  
  105  8:49  Roach x2  
  105  8:52  Drone  
  110  8:56  Drone x2  
  110  8:57  Infestation Pit  
  111  9:08  Zerg Missile Weapons Level 2  
  111  9:17  Nydus Network, Overlord  
  111  9:20  Overlord x3  
  111  9:21  Hatchery  
  109  9:38  Swarm Host x8  
  109  9:44  Swarm Host x2  
  109  9:45  Swarm Host  
  142  9:52  Swarm Host x2  
  142  9:53  Swarm Host  
  142  9:57  Ravager x3  
  142  9:58  Ravager  
  142  9:59  Nydus Canal  
  155  10:04  Swarm Host  
  155  10:07  Swarm Host  
  158  10:08  Zergling x2  
  158  10:09  Zergling x6  
  158  10:10  Drone  
  158  10:12  Drone x2  
  168  10:25  Nydus Canal  
  168  10:26  Drone x2, Overlord  
  170  10:28  Hive  
  170  10:29  Hydralisk Den  
  170  10:31  Extractor x2  
  170  10:32  Overlord  
  170  10:34  Overlord  
  167  10:36  Drone x2  
  167  10:40  Overlord x2  
  167  10:41  Overseer  
  169  10:52  Ravager x2  
  169  10:53  Roach x5  
  169  10:56  Spore Crawler  
  180  11:04  Lurker Den  
  180  11:05  Nydus Canal  
  180  11:09  Drone  
  180  11:13  Zergling x20  
  187  11:28  Overseer  
  186  11:33  Hydralisk x4  
  194  11:41  Zerg Missile Weapons Level 3  
  191  11:51  Hatchery  
  190  11:55  Nydus Canal  
  190  12:00  Hydralisk x2  
  194  12:02  Adaptive Talons  
  194  12:04  Lurker x3  
  194  12:05  Lurker  
  198  12:11  Nydus Canal  
  197  12:26  Drone x2  
  187  12:46  Hydralisk x3  
  187  12:48  Zergling x20  
  187  12:49  Hydralisk  
  187  12:50  Hydralisk  
  168  12:53  Hydralisk x3  
  168  12:55  Lurker x2  
  168  12:56  Overseer  
  166  13:00  Seismic Spines  
  166  13:01  Spore Crawler  
  166  13:02  Spore Crawler  
  164  13:06  Hydralisk x3  
  164  13:11  Lurker x2  
  164  13:12  Lurker  
  173  13:16  Nydus Canal  
  173  13:21  Lurker x5  
  173  13:24  Overseer  
  178  13:30  Spore Crawler x2  
  176  13:39  Overseer  
  178  13:41  Lurker x2  
  178  13:42  Hydralisk  
  178  13:44  Overlord  
  178  13:47  Drone x3  
  183  13:48  Drone  
  183  13:49  Drone x3  
  183  13:52  Drone x2, Lurker  
  183  13:54  Grooved Spines  
  190  13:56  Drone x4  
  190  13:57  Overlord x2  
  190  14:02  Overlord, Nydus Canal  
  194  14:05  Spine Crawler  
  194  14:08  Spine Crawler  
  192  14:11  Extractor  
  192  14:12  Spore Crawler, Burrow  
  192  14:13  Drone, Extractor  
  192  14:14  Drone  
  192  14:16  Spine Crawler  
  190  14:17  Nydus Canal  
  190  14:18  Zerg Ground Armor Level 1  
  190  14:29  Hydralisk x3  
  191  14:38  Overseer  
  191  14:39  Overseer  
  191  14:40  Hydralisk x2  
  191  14:41  Lurker  
  194  14:45  Nydus Canal  
  194  14:51  Zergling x12  
  193  15:00  Zergling x2  
  193  15:01  Zergling x4, Nydus Canal  
  196  15:08  Overseer, Hydralisk x2  
  199  15:17  Nydus Canal  
  199  15:20  Overseer x2  
  199  15:27  Overseer x2  
  199  15:31  Hydralisk  
  199  15:53  Overseer x3  
  197  16:14  Hatchery  
  197  16:17  Nydus Canal  

Tags
 
Add a new tag
Caveats
  • Supply blocks, unpowered buildings, or Contaminate may cause inaccurate times.
  • Supply counts are checked every 10 seconds.